 Dungeon Crawl Stone Soup version 0.28.0-53-g5a82cb258f (webtiles) character file.

Game seed: 10742422226224611383

22 firemarshallily the Sneak (level 2, 0/19 HPs)
             Began as an Octopode Brigand on June 22, 2022.
             Succumbed to an adder's poison
             ... on level 2 of the Dungeon.
             The game lasted 00:02:08 (1084 turns).

firemarshallily the Sneak (Octopode Brigand)        Turns: 1084, Time: 00:02:08

Health: 0/19       AC:  1    Str: 10    XL:     2   Next: 91%
Magic:  2/2        EV: 12    Int: 13    God:
Gold:   29         SH:  0    Dex: 13    Spells: 1/1 levels left

rFire   . . .      SeeInvis .   a - +2 dagger
rCold   . . .      Faith    .   (no shield)
rNeg    . . .      Spirit   .   (helmet restricted)
rPois   .          Reflect  .   (no amulet)
rElec   .          Harm     .   (no ring)
rCorr   .          Rampage  .   (no ring)
Will    .....                   (no ring)
Stlth   ++++......              (no ring)
HPRegen 0.06/turn               (no ring)
MPRegen 0.08/turn               (no ring)
                                (no ring)
                                (no ring)

@: lethally poisoned (0 -> -4)
A: almost no armour, amphibious, 8 rings, camouflage 1, gelatinous body 1,
(nimble swimmer 1), tentacles
a: no special abilities


You were on level 2 of the Dungeon.
You visited 1 branch of the dungeon, and saw 2 of its levels.

You collected 29 gold pieces.

Inventory:

Hand Weapons
 a - a +2 dagger (weapon)
Missiles
 b - 11 poisoned darts (quivered)
 c - 2 curare-tipped darts
 e - 2 javelins
 f - 13 stones
Scrolls
 g - a scroll of fog


   Skills:
 + Level 2.2 Fighting
 * Level 2.6 Short Blades
 - Level 2.0 Throwing
 - Level 1.0 Dodging
 * Level 5.8 Stealth


You had one spell level left.
You didn't know any spells.
Your spell library contained the following spells:

 Spells                   Type           Power      Damage    Failure   Level
 Confusing Touch          Hex            0%         N/A       67%         3
 Yara's Violent Unravell  Hex/Tmut       0%         3d3       100%        5
 Enfeeble                 Hex            0%         N/A       100%        7


Dungeon Overview and Level Annotations

Branches:
Dungeon (2/15)

Altars:


Innate Abilities, Weirdness & Mutations

You cannot wear most types of armour.
You are amphibious.
You can wear up to eight rings at the same time.
Your skin changes colour to match your surroundings (Stealth+).
Your rubbery body absorbs attacks. (AC +1, EV +1)
((You are camouflaged when in or above water. (Stealth+)))
You have tentacles for arms and can constrict up to eight enemies at once.


Message History

The giant cockroach bites you but does no damage.
You hit the giant cockroach but do no damage.
The giant cockroach is almost dead.
You constrict the giant cockroach, but do no damage.
An adder comes into view.
The giant cockroach bites you.
You hit the giant cockroach.
You kill the giant cockroach!
You closely miss the adder. Your grab misses the adder.
You tentacle-slap the adder, but do no damage.
Your squeeze misses the adder. The adder bites you.
You are poisoned.
The adder poisons you!
You hit the adder. Your grab misses the adder.
The adder is lightly wounded.
You feel sick. The adder bites you.
You are more poisoned.
The adder poisons you!
You closely miss the adder. You grab the adder.
The adder is lightly wounded.
You constrict the adder.
You feel sick. The adder closely misses you.
You barely miss the adder.
The adder is moderately wounded.
You constrict the adder.
You feel sick. The adder bites you.
You hit the adder.
The adder is heavily wounded.
You constrict the adder.
You feel sick. The adder misses you. The adder bites you.
* * * LOW HITPOINT WARNING * * *
You aren't carrying any potions.
You barely miss the adder. Your squeeze misses the adder.
The adder is severely wounded.
You constrict the adder.
* * * LOW HITPOINT WARNING * * *
You feel sick. The adder closely misses you.
You hit the adder.
The adder is almost dead.
You constrict the adder.
You kill the adder!
You die...

##############
#......<.....#
#.##########@#
#.# #.#
#...:....#
####.###w# #.#
#.# #.# ...


There were no monsters in sight!

Vanquished Creatures
  An adder (D:2)
  6 endoplasms (D:1)
  A giant cockroach (D:2)
  4 goblins (D:1)
  3 hobgoblins (D:1)
  A ball python (D:1)
  2 kobolds (D:1)
  A rat (D:1)
19 creatures vanquished.

Notes
Turn   | Place    | Note
-------+----------+-------------------------------------------
     0 | D:1      | firemarshallily the Octopode Brigand began the quest for
                  | the Orb.
     0 | D:1      | Reached XP level 1. HP: 14/14 MP: 1/1
   151 | D:1      | Reached XP level 2. HP: 17/19 MP: 2/2
  1084 | D:2      | Succumbed to an adder's poison

Illustrated notes

Levels and vault maps discovered:
D:1:      lightli_arrival_maybe_door_vault, layout_basic, hex_medium
D:2:      layout_loops_ring, dk_noncrumbling_4

Action                   || total
-------------------------++-------
Melee: Dagger            ||    37
       Tentacles         ||     4
       Constrict         ||     5
       Punch             ||     1
  Use: Scroll            ||     2
 Stab: Sleeping          ||     8
Armor: Skin              ||     2
Dodge: Dodged            ||     9
